SKY
CHICAGO CUBS @ HOUSTON ASTROS
04/14/2052
 
TOP OF THE 1ST
Chicago Cubs batting - Pitching for Houston Astros : RHP Isaiah Beauregard
Pitching: RHP Isaiah Beauregard
Batting: LHB José Armijo 0-0: Called Strike
0-1: Ball
1-1: Swinging Strike
1-2: Ball
2-2: Ball
3-2: Strikes out looking
Batting: LHB Abdul Williams 0-0: Ball
1-0: Called Strike
1-1: Ball
2-1: Foul Ball, location: 2F
2-2: Fly out, F7 (Flyball, 7, EV 95.6 MPH)
Batting: RHB Meredith Moore 0-0: Ground out 5-3 (Groundball, 56, EV 103.1 MPH)
Top of the 1st over - 0 runs, 0 hits, 0 errors, 0 left on base; Chicago 0 - Houston 0
BOTTOM OF THE 1ST
Houston Astros batting - Pitching for Chicago Cubs : RHP Roland Otano
Pitching: RHP Roland Otano
Batting: SHB Rylan Hayes 0-0: Ball
1-0: Ball
2-0: Called Strike
2-1: Swinging Strike
2-2: Ball
3-2: Strikes out swinging
Batting: LHB Burl Shearer 0-0: Ball
1-0: Foul Ball, location: 3DF
1-1: Swinging Strike
1-2: Strikes out swinging
Batting: LHB Austin Mitchell 0-0: Ball
1-0: Fly out, F9 (Line Drive, 89M, EV 94.4 MPH)
Bottom of the 1st over - 0 runs, 0 hits, 0 errors, 0 left on base; Chicago 0 - Houston 0
TOP OF THE 2ND
Chicago Cubs batting - Pitching for Houston Astros : RHP Isaiah Beauregard
Batting: RHB Pokey Baker 0-0: Foul Ball, location: 5FF
0-1: Foul Ball, location: 2F
0-2: Ball
1-2: Foul Ball, location: 9LDF
1-2: Fly out, F2 (Popup, 23F, EV 71.3 MPH)
Batting: LHB Ben Waters 0-0: Ball
1-0: Called Strike
1-1: Ball
2-1: Ball
3-1: Foul Ball, location: 2F
3-2: Strikes out swinging
Batting: RHB Derek McCone 0-0: Foul Ball, location: 5FF
0-1: Ball
1-1: Foul Ball, location: 2F
1-2: Strikes out swinging
Top of the 2nd over - 0 runs, 0 hits, 0 errors, 0 left on base; Chicago 0 - Houston 0
BOTTOM OF THE 2ND
Houston Astros batting - Pitching for Chicago Cubs : RHP Roland Otano
Batting: RHB Stephan Davis 0-0: Ball
1-0: Called Strike
1-1: Ball
2-1: Ball
3-1: Called Strike
3-2: Foul Ball, location: 9LMF
3-2: Base on Balls
Batting: LHB Caleb England 0-0: Ball
1-0: Called Strike
1-1: Ball
2-1: Fielders Choice at 2nd, 4-6 (Groundball, 34S, EV 93.8 MPH)
Batting: RHB Joshua Massengill 0-0: Called Strike
0-1: SINGLE (Groundball, 56D, EV 94.4 MPH)
Caleb England to second
Batting: RHB Bill Thyfault 0-0: Ball
1-0: Fly out, F3 (Popup, 3SF, EV 67.5 MPH)
Batting: RHB Nicky Alvarez 0-0: Called Strike
0-1: SINGLE (Groundball, 34D, EV 98.1 MPH)
Caleb England to third
Joshua Massengill to second
Runner from 3rd tries for Home, SAFE, throw by RF to home
Batting: RHB Nick Burkard 0-0: Foul Ball, location: 25FF
0-1: Foul Ball, location: 7LSF
0-2: Ball
1-2: Ball
2-2: Ball
3-2: Foul Ball, location: 2F
3-2: SINGLE (Line Drive, 4M, EV 108.8 MPH)
Joshua Massengill to third
Nicky Alvarez to second
Joshua Massengill scores
Nicky Alvarez to third
Batting: SHB Rylan Hayes 0-0: Ball
1-0: Fly out, F6 (Popup, 6D, EV 68.8 MPH)
Bottom of the 2nd over - 2 runs, 3 hits, 0 errors, 2 left on base; Chicago 0 - Houston 2
TOP OF THE 3RD
Chicago Cubs batting - Pitching for Houston Astros : RHP Isaiah Beauregard
Batting: RHB Joseph Young 0-0: Foul Ball, location: 2F
0-1: Foul Ball, location: 23F
0-2: Ball
1-2: Fly out, F8 (Line Drive, 8LM, EV 89.4 MPH)
Batting: RHB Abel Stewart 0-0: Called Strike
0-1: Ball
1-1: Foul Ball, location: 25F
1-2: Strikes out swinging
Batting: LHB Nathaniel Pomares 0-0: Ball
1-0: Foul Ball, location: 2F
1-1: Ball
2-1: Foul Ball, location: 23FF
2-2: Strikes out swinging
Top of the 3rd over - 0 runs, 0 hits, 0 errors, 0 left on base; Chicago 0 - Houston 2
BOTTOM OF THE 3RD
Houston Astros batting - Pitching for Chicago Cubs : RHP Roland Otano
Batting: LHB Burl Shearer 0-0: Called Strike
0-1: Called Strike
0-2: Ball
1-2: Strikes out swinging, 2-3 out at first.
Batting: LHB Austin Mitchell 0-0: Called Strike
0-1: Fly out, F7 (Flyball, 7, EV 95.0 MPH)
Batting: RHB Stephan Davis 0-0: Called Strike
0-1: Swinging Strike
0-2: Ball
1-2: Foul Ball, location: 7LSF
1-2: Strikes out swinging
Bottom of the 3rd over - 0 runs, 0 hits, 0 errors, 0 left on base; Chicago 0 - Houston 2
TOP OF THE 4TH
Chicago Cubs batting - Pitching for Houston Astros : RHP Isaiah Beauregard
Batting: LHB José Armijo 0-0: Called Strike
0-1: Swinging Strike
0-2: Ball
1-2: Foul Ball, location: 7LMF
1-2: Ground out 4-3 (Groundball, 4, EV 90.0 MPH)
Batting: LHB Abdul Williams 0-0: Ball
1-0: Swinging Strike
1-1: Called Strike
1-2: Ball
2-2: Foul Ball, location: 9LMFF
2-2: Ball
3-2: Foul Ball, location: 2F
3-2: Strikes out swinging
Batting: RHB Meredith Moore 0-0: Called Strike
0-1: Ball
1-1: Ground out 6-3 (Groundball, 6, EV 104.4 MPH)
Top of the 4th over - 0 runs, 0 hits, 0 errors, 0 left on base; Chicago 0 - Houston 2
BOTTOM OF THE 4TH
Houston Astros batting - Pitching for Chicago Cubs : RHP Roland Otano
Batting: LHB Caleb England 0-0: Ball
1-0: Foul Ball, location: 2F
1-1: Ball
2-1: SINGLE (Groundball, 4MS, EV 78.1 MPH) (infield hit)
Batting: RHB Joshua Massengill 0-0: Ball
1-0: Fly out, F9 (Line Drive, 9D, EV 87.5 MPH)
Batting: RHB Bill Thyfault 0-0: Foul Ball, location: 3DF
0-1: Ball
1-1: Ground out 4-3 (Groundball, 34, EV 102.5 MPH)
Caleb England to second
Batting: RHB Nicky Alvarez 0-0: Ball
1-0: Ball
2-0: SINGLE (Groundball, 4MD, EV 102.5 MPH)
Caleb England to third
Runner from 3rd tries for Home, SAFE, throw by CF to home
Batting: RHB Nick Burkard 0-0: Foul Ball, location: 25F
0-1: Called Strike
Nicky Alvarez steals 2nd base
0-2: Foul Ball, location: 5FF
0-2: Ball
1-2: Foul Ball, location: 2F
1-2: TRIPLE (Flyball, 89XD, EV 102.5 MPH)
Nicky Alvarez scores
Batting: SHB Rylan Hayes 0-0: Ball
1-0: Ball
2-0: Swinging Strike
2-1: Fly out, F8 (Flyball, 8RD, EV 104.4 MPH)
Bottom of the 4th over - 2 runs, 3 hits, 0 errors, 1 left on base; Chicago 0 - Houston 4
TOP OF THE 5TH
Chicago Cubs batting - Pitching for Houston Astros : RHP Isaiah Beauregard
Batting: RHB Pokey Baker 0-0: Called Strike
0-1: Ball
1-1: SINGLE (Groundball, 4M, EV 103.8 MPH) (infield hit)
Batting: LHB Ben Waters 0-0: Ball
1-0: Ball
2-0: Foul Ball, location: 25F
2-1: Ball
3-1: Foul Ball, location: 5SF
3-2: Base on Balls
Pokey Baker to second
Batting: RHB Derek McCone 0-0: Foul Ball, location: 2F
0-1: Foul Ball, location: 3F
0-2: Ball
1-2: Ball
2-2: Ball
3-2: Fly out, F8 (Flyball, 8LXD, EV 93.8 MPH)
Runner from 2nd tags up, SAFE at 3rd, no throw by CF
Batting: RHB Joseph Young 0-0: Called Strike
0-1: Ball
1-1: Ball
2-1: Ball
3-1: Base on Balls
Ben Waters to second
Batting: RHB Abel Stewart 0-0: Ball
1-0: Ball
2-0: Called Strike
2-1: Grounds into double play, 6-2-3 (Groundball, 6, EV 101.3 MPH)
Top of the 5th over - 0 runs, 1 hit, 0 errors, 2 left on base; Chicago 0 - Houston 4
BOTTOM OF THE 5TH
Houston Astros batting - Pitching for Chicago Cubs : RHP Roland Otano
Batting: LHB Burl Shearer 0-0: Ball
1-0: Foul Ball, location: 23F
1-1: Foul Ball, location: 3F
1-2: Ball
2-2: Fly out, F8 (Line Drive, 8RM, EV 95.0 MPH)
Batting: LHB Austin Mitchell 0-0: Ball
1-0: Fly out, F7 (Flyball, 7D, EV 90.6 MPH)
Batting: RHB Stephan Davis 0-0: Swinging Strike
0-1: Foul Ball, location: 2F
0-2: Ball
1-2: Strikes out swinging
Bottom of the 5th over - 0 runs, 0 hits, 0 errors, 0 left on base; Chicago 0 - Houston 4
TOP OF THE 6TH
Chicago Cubs batting - Pitching for Houston Astros : RHP Isaiah Beauregard
Batting: LHB Nathaniel Pomares 0-0: Foul Ball, location: 7LMF
0-1: Called Strike
0-2: Foul Ball, location: 5SF
0-2: Strikes out swinging
Pitching: RHP Austin Norris
Batting: LHB José Armijo 0-0: Ball
1-0: Swinging Strike
1-1: Swinging Strike
1-2: Strikes out looking
Batting: LHB Abdul Williams 0-0: Called Strike
0-1: Ground out 4-3 (Groundball, 4, EV 90.6 MPH)
Top of the 6th over - 0 runs, 0 hits, 0 errors, 0 left on base; Chicago 0 - Houston 4
BOTTOM OF THE 6TH
Houston Astros batting - Pitching for Chicago Cubs : RHP Roland Otano
Batting: LHB Caleb England 0-0: Ball
1-0: Ball
2-0: Swinging Strike
2-1: Ball
3-1: Base on Balls
Batting: RHB Joshua Massengill 0-0: Ball
1-0: Ball
2-0: Called Strike
2-1: Foul Ball, location: 5DF
2-2: Ball
3-2: Foul Ball, location: 2F
3-2: Strikes out looking
Batting: RHB Bill Thyfault 0-0: Ball
1-0: Grounds into double play, 4-6-3 (Groundball, 4, EV 90.6 MPH)
Bottom of the 6th over - 0 runs, 0 hits, 0 errors, 0 left on base; Chicago 0 - Houston 4
TOP OF THE 7TH
Chicago Cubs batting - Pitching for Houston Astros : RHP Austin Norris
Batting: RHB Meredith Moore 0-0: Foul Ball, location: 2F
0-1: Ball
1-1: Ball
2-1: Ground out 6-3 (Groundball, 6, EV 85.6 MPH)
Batting: RHB Pokey Baker 0-0: Ball
1-0: Ball
2-0: Called Strike
2-1: Foul Ball, location: 2F
2-2: Ball
3-2: Foul Ball, location: 2F
3-2: Base on Balls
Batting: LHB Ben Waters 0-0: Ball
1-0: Ball
2-0: Swinging Strike
2-1: Called Strike
2-2: Fly out, F7 (Flyball, 7S, EV 91.3 MPH)
Batting: RHB Derek McCone 0-0: Ball
1-0: Ball
2-0: Ball
3-0: Called Strike
3-1: Base on Balls
Pokey Baker to second
Pitching: RHP Jason Miranda
Pinch Hitting: RHB John McGalliard 0-0: Swinging Strike
0-1: Fielders Choice at 2nd, 6-4 (Groundball, 6, EV 110.0 MPH)
Top of the 7th over - 0 runs, 0 hits, 0 errors, 2 left on base; Chicago 0 - Houston 4
BOTTOM OF THE 7TH
Houston Astros batting - Pitching for Chicago Cubs : RHP Roland Otano
Pitching: RHP Brayan Juratovac
Now at 3B: Jonah Daley
Now at SS: Abel Stewart
Batting: RHB Nicky Alvarez 0-0: Called Strike
0-1: Foul Ball, location: 25F
0-2: Ball
1-2: Foul Ball, location: 5SF
1-2: Foul Ball, location: 7LSF
1-2: Ball
2-2: Foul Ball, location: 3SF
2-2: Fly out, F8 (Line Drive, 8RM, EV 101.9 MPH)
Batting: RHB Nick Burkard 0-0: Called Strike
0-1: Swinging Strike
0-2: SINGLE (Groundball, 56D, EV 103.8 MPH)
Batting: SHB Rylan Hayes 0-0: Fly out, F9 (Flyball, 89M, EV 91.3 MPH)
Batting: LHB Burl Shearer 0-0: Fly out, F7 (Line Drive, 7, EV 90.0 MPH)
Bottom of the 7th over - 0 runs, 1 hit, 0 errors, 1 left on base; Chicago 0 - Houston 4
TOP OF THE 8TH
Chicago Cubs batting - Pitching for Houston Astros : RHP Jason Miranda
Batting: RHB Abel Stewart 0-0: Called Strike
0-1: Ball
1-1: Ground out 5-3 (Groundball, 56, EV 88.1 MPH)
Batting: LHB Nathaniel Pomares 0-0: Called Strike
0-1: Ball
1-1: SINGLE (Line Drive, 89S, EV 103.8 MPH)
Batting: LHB José Armijo 0-0: Ball
1-0: Foul Ball, location: 9LDF
1-1: Called Strike
1-2: Ball
2-2: Fly out, F7 (Flyball, 7D, EV 94.4 MPH)
Batting: LHB Abdul Williams 0-0: Foul Ball, location: 3FF
0-1: Swinging Strike
0-2: Ball
1-2: Ball
2-2: SINGLE (Line Drive, 8RS, EV 103.8 MPH)
Nathaniel Pomares to second
Runner from 2nd tries for 3rd, SAFE, throw by CF made to third
Batting: RHB Meredith Moore 0-0: SINGLE (Groundball, 56S, EV 71.9 MPH) (infield hit)
Nathaniel Pomares scores
Abdul Williams to second
Pinch Hitting: SHB Britt Bell 0-0: Ball
1-0: Ball
2-0: Ball
3-0: Called Strike
3-1: Fly out, F5 (Popup, 56, EV 74.4 MPH)
Top of the 8th over - 1 run, 3 hits, 0 errors, 2 left on base; Chicago 1 - Houston 4
BOTTOM OF THE 8TH
Houston Astros batting - Pitching for Chicago Cubs : RHP Brayan Juratovac
Now in CF: Britt Bell
Now in RF: Meredith Moore
Batting: LHB Austin Mitchell 0-0: SINGLE (Line Drive, 89S, EV 93.1 MPH)
Batting: RHB Stephan Davis 0-0: Ground out 5-3 (Groundball, 5S, EV 65.6 MPH)
Austin Mitchell to second
Batting: LHB Caleb England 0-0: Ball
1-0: Foul Ball, location: 5FF
1-1: Foul Ball, location: 2F
1-2: Fly out, F2 (Popup, 2RF, EV 91.9 MPH)
Batting: RHB Joshua Massengill 0-0: Ball
1-0: Ball
2-0: Ground out 4-3 (Groundball, 4, EV 108.8 MPH)
Bottom of the 8th over - 0 runs, 1 hit, 0 errors, 1 left on base; Chicago 1 - Houston 4
TOP OF THE 9TH
Chicago Cubs batting - Pitching for Houston Astros : RHP Jason Miranda
Batting: LHB Ben Waters 0-0: Swinging Strike
0-1: Swinging Strike
0-2: Strikes out swinging
Batting: RHB Derek McCone 0-0: Foul Ball, location: 3FF
0-1: Fly out, F5 (Popup, 5F, EV 65.6 MPH)
Batting: RHB Jonah Daley 0-0: Foul Ball, location: 3F
0-1: Ground out 5-3 (Groundball, 56, EV 87.5 MPH)
Top of the 9th over - 0 runs, 0 hits, 0 errors, 0 left on base; Chicago 1 - Houston 4
Tuesday, April 16th , 2024 - OOTP Baseball 24.11 Build 85